 Dungeon Crawl Stone Soup version 0.32-a0-540-g866d13106e (webtiles) character file.

Game seed: 15211357859778710552

31 zenocrate the Scratcher (level 3, 18/18 HPs)
             Began as a Felid Shapeshifter on Feb 29, 2024.
             Quit the game on level 2 of the Dungeon.
             The game lasted 00:01:17 (593 turns).

zenocrate the Scratcher (Felid Shapeshifter)         Turns: 593, Time: 00:01:18

Health: 18/18      AC:  1    Str: 16    XL:     3   Next: 7%
Magic:  4/4        EV: 18    Int: 13    God:
Gold:   23         SH:  0    Dex: 17    Spells: 2/2 levels left
                                        Lives:  0   Deaths: 1

rFire   . .          .
                       - Unarmed
rCold   . . .        (shield unavailable)
rNeg    . . .        (body armour unavailable)
rPois   .            (helmet unavailable)
rElec   .            (cloak unavailable)
rCorr   .            (gloves unavailable)
SInv    +            (boots unavailable)
Will    .....        (no amulet)
Stlth   ++           g - +6 ring of strength
HPRegen 0.23/turn    (no ring)
MPRegen 0.09/turn

%: no passive effects
@: beast-form
A: beast (slay +1), very small, claws 1, fangs 3, see invisible, shaggy fur 1,
stealthy paws, no weapons or thrown items, no armour, multi-lived
a: Begin Untransformation


You were on level 2 of the Dungeon.
You were a hulking beast.
You visited 1 branch of the dungeon, and saw 2 of its levels.

You collected 23 gold pieces.

Inventory:

Jewellery
 g - a +6 ring of strength (left paw)
Talismans
 b - a beast talisman (active)
 c - a flux talisman
Scrolls
 e - a scroll of revelation {unknown}
Potions
 a - a potion of lignification
 d - 2 potions of curing {unknown}
 f - a potion of haste {unknown}
 h - a potion of mutation {unknown}


   Skills:
 + Level 1.5 Fighting
 + Level 3.2 Dodging
 + Level 1.5 Stealth
 + Level 3.2 Unarmed Combat
 + Level 2.9 Shapeshifting


You had 2 spell levels left.
You didn't know any spells.
Your spell library contained the following spells:

 Spells                   Type           Power      Damage    Failure   Level
 Sting                    Conj/Alch      0%         1d3       30%         1
 Mercury Vapours          Alch/Air       0%         N/A       43%         2
 Fugue of the Fallen      Necr           0%         N/A       67%         3
 Ozocubu's Armour         Ice            0%         N/A       67%         3
 Manifold Assault         Tloc           0%         N/A       97%         4
 Olgreb's Toxic Radiance  Alch           0%         N/A       97%         4


Dungeon Overview and Level Annotations

Branches:
Dungeon (2/15)

Altars:

Shops:
D:1 =

Annotations:
D:2 Terence


Innate Abilities, Weirdness & Mutations

You are a hulking beast.
Your limbs bulge with bestial killing power. (Slay +1)
You have sharp claws.
You have razor-sharp teeth.
You have supernaturally acute eyesight. (SInv)
You are covered in fur. (AC +1)
Your paws help you pounce on unaware monsters.
You are incapable of wielding weapons or throwing items.
You cannot wear armour.
You gain extra lives every three experience levels.


Message History

Unknown command.
You scratch the adder but do no damage.
The adder is severely wounded.
Terence hits you from afar with a +0 trident.
The adder misses you.
Unknown command.
You claw the adder!
You kill the adder!
Terence misses you.
You have reached level 3!
Your experience leads to an increase in your attributes!
Your base attributes are Str 10, Int 13, Dex 15.
Increase (S)trength, (I)ntelligence, or (D)exterity?
You feel agile. x2
Okay, then.
Okay, then.
Terence attacks as he pursues you! Terence closely misses you.
Unknown command.
The dart slug launches a dart at you. The slug dart misses you.
Unknown command.
Unknown command.
Terence attacks as he pursues you! Terence misses you.
The dart slug briefly extends its eye-stalks.
Unknown command.
Terence attacks as he pursues you!
Terence hits you from afar with a +0 trident.
* * * LOW HITPOINT WARNING * * *
Terence attacks as he pursues you! Terence completely misses you.
There is a stone staircase leading up here.
Terence hits you from afar with a +0 trident!
Ouch! That really hurt!
You stop ascending the stairs.
You die...
Your shape twists and changes as you die.
You rejoin the land of the living...
Found a scroll labelled TIBRUXIVING and a scroll labelled VUSYDO TUONLEISUW.
Okay, then.
Okay, then.
Are you sure you want to abandon this character and quit the game? (Confirm with "yes".)

?..⌠#
....#+#
#.....
.....
##...
..?
#.###.#
#....h#
#.#####


There were no monsters in sight!

Vanquished Creatures
  An adder (D:2)
  A dart slug (D:1)
  2 bats
  4 endoplasms (D:1)
  A giant cockroach (D:1)
  A goblin (D:2)
  2 kobolds (D:1)
  3 ball pythons (D:1)
  A frilled lizard (D:1)
  3 rats
19 creatures vanquished.

Notes
Turn   | Place    | Note
-------+----------+-------------------------------------------
     0 | D:1      | zenocrate the Felid Shapeshifter began the quest for the
                  | Orb.
     0 | D:1      | Reached XP level 1. HP: 10/10 MP: 2/2
    52 | D:1      | Found Zaxtem's Jewellery Emporium.
   223 | D:1      | Reached XP level 2. HP: 14/14 MP: 3/3
   228 | D:1      | Reached skill level 1 in Stealth
   560 | D:2      | Found a faded altar of an unknown god.
   567 | D:2      | Noticed Terence
   584 | D:2      | Reached XP level 3. HP: 8/18 MP: 4/4
   592 | D:2      | Mangled by Terence
   592 | D:2      | Lost a life (0 lives remaining)
   593 | D:2      | Quit the game

Illustrated notes

Levels and vault maps discovered:
D:1:      ncdulo_smallfort, layout_loops_ring, serial_shops,
          nicolae_shop_gaudy_bauble, minmay_misc_feat_room,
          minmay_misc_feat_diagonals, st_stairs_3
D:2:      layout_basic, dreamdust_ecumenical_altar_grove, serial_shops,
          nicolae_shop_real_fake_doors, shop, uniq_terence

Skill      XL: |  1  2 |
---------------+-------+-----
Dodging        | 3 |  3.2
Stealth        | 1 |  1.5
Fighting       | |  1.5
Unarmed Combat | |  3.2
Shapeshifting  | |  2.9

Action                     || total
---------------------------++-------
  Melee: Unarmed           ||    38
         Bite              ||     2
         Punch             ||     1
   Stab: Sleeping          ||     2
 Armour: Skin              ||    13
  Dodge: Dodged            ||    36

Table legend: (Time is in decaauts)
 A = Elapsed time spent in this place.
 B = Non-inter-level travel time spent in this place.
 C = Inter-level travel time spent in this place.
 D = Time resting spent in this place.
 E = Time spent auto-exploring this place.
 F = Levels seen in this place.
 G = Mean time per level.
                   A        B        C        D        E       F      G
               +--------+--------+--------+--------+--------+-----+--------+
         Total |    589 |    574 |     15 |      0 |    437 |   2 |  294.5 |
       Dungeon |    589 |    574 |     15 |      0 |    437 |   2 |  294.5 |
               +--------+--------+--------+--------+--------+-----+--------+

Top non-repeatable levels by time:
     D:1: 527 daAuts
     D:2: 62 daAuts
